 Dungeon Crawl Stone Soup version 0.28-a0-178-ga708605c5b (webtiles) character file.

Game seed: 15417051283373853187

114 chuckie79 the Skirmisher (level 4, -4/40 HPs)
             Began as a Hill Orc Fighter on Aug 17, 2021.
             Frozen to death by an endoplasm (5 damage)
             ... on level 3 of the Dungeon.
             The game lasted 00:11:20 (2389 turns).

chuckie79 the Skirmisher (Hill Orc Fighter)         Turns: 2389, Time: 00:11:21

Health: -4/40      AC:  8    Str: 19    XL:     4   Next: 98%
Magic:  4/4        EV:  7    Int:  8    God:
Gold:   54         SH:  8    Dex: 10    Spells: 3/3 levels left

rFire   . . .      SeeInvis .   a - +0 long sword
rCold   . . .      Faith    .   c - +0 kite shield
rNeg    . . .      Spirit   .   b - +1 scale mail
rPois   .          Reflect  .   (no helmet)
rElec   .          Harm     .   (no cloak)
rCorr   .          Rampage  .   (no gloves)
Will    .....                   (no boots)
Stlth   ..........              (no amulet)
HPRegen 0.13/turn               (no ring)
MPRegen 0.09/turn               (no ring)

@: lethally poisoned (-4 -> -11)
A: no striking features
a: no special abilities


You were on level 3 of the Dungeon.
You visited 1 branch of the dungeon, and saw 3 of its levels.

You collected 54 gold pieces.

Inventory:

Hand Weapons
 a - a +0 long sword (weapon)
 f - a +0 short sword
 h - a +0 short sword
 i - a +0 dagger
 j - a +0 club
 k - a +0 short sword
 o - a +0 dagger
 q - a +0 short sword
Missiles
 e - 16 poisoned darts
 n - 6 silver javelins (quivered)
Armour
 b - a +1 scale mail (worn)
 c - a +0 kite shield (worn)
 p - a +0 ring mail
Scrolls
 g - a scroll of amnesia
 r - a scroll of noise {unknown}
Potions
 d - a potion of might
 l - 2 potions of lignification {unknown}
 m - a potion of heal wounds {unknown}


   Skills:
 + Level 4.2 Fighting
 + Level 3.8 Long Blades
 + Level 4.0 Armour
 + Level 0.6 Dodging
 + Level 3.9 Shields


You had 3 spell levels left.
You didn't know any spells.
Your spell library was empty.

Dungeon Overview and Level Annotations

Branches:
Dungeon (3/15)

Altars:
Ashenzari


Message History

A magic dart appears from out of thin air!
The magic dart hits you! You block the orc's attack. Something hits you.
* * * LOW HITPOINT WARNING * * *
The orc hits you with a +0 flail.
* * * LOW HITPOINT WARNING * * *
You hit the orc but do no damage. The orc hits you with a +0 club.
* * * LOW HITPOINT WARNING * * *
What are your orders? t - Shout!
Orders for allies: a - Attack new target. r - Retreat! s - Stop attacking. g - Guard the area. f - Follow me.
Anything else - Cancel.
Okay, then.
You open the door.
An endoplasm comes into view.
The endoplasm quivers.
You closely miss something.
Something hits you but does no damage. x2
You hit something.
Reactivating autopickup.
You feel a bit more experienced.
Your Armour skill increases to level 4!
You hit the orc.
The orc is almost dead.
You block the orc's attack. You block the endoplasm's attack.
The orc closely misses you.
You slash the orc!
You kill the orc!
The endoplasm hits you but does no damage.
The adder bites you but does no damage.
You hit the adder.
The adder is moderately wounded.
The adder bites you.
* * * LOW HITPOINT WARNING * * *
You are lethally poisoned!
The adder poisons you! The endoplasm freezes you.
You are frozen.
You die...

##. .. ##........# #
#.. #.######## # #.#
#.# # #.# #+# # #.#
... # #.### .... ##
#)#.## ..... ##.
###.###.)..####......
####..
...........oS@J......
+.....
....###....####......
####.. ## #.#.##
..... ##. #.### ....
## #.# ... # ##.## +#
# ##.#.## #.# #
#.###.# #.# #
##.#..### ##.########
#


You could see an adder, an orc and an endoplasm.

Vanquished Creatures
  An orc wizard (D:3)
  3 adders
  A worm (D:2)
  2 dart slugs
  3 orcs (D:3)
  7 endoplasms
  2 giant cockroaches (D:1)
  2 goblins
  3 hobgoblins
  6 jackals
  3 kobolds
  A quokka (D:2)
  4 ball pythons
  6 bats
  4 frilled lizards
  2 rats (D:1)
50 creatures vanquished.

Vanquished Creatures (others)
  4 demonic plants (D:1)
  2 fungi (D:1)
  3 plants (D:1)
  2 withered plants (D:1)
11 creatures vanquished.

Grand Total: 61 creatures vanquished

Notes
Turn   | Place    | Note
-------+----------+-------------------------------------------
     0 | D:1      | chuckie79 the Hill Orc Fighter began the quest for the Orb.
     0 | D:1      | Reached XP level 1. HP: 19/19 MP: 1/1
    60 | D:1      | Reached XP level 2. HP: 23/27 MP: 2/2
   316 | D:1      | Found a faded altar of an unknown god.
   324 | D:1      | Reached XP level 3. HP: 28/33 MP: 3/3
   451 | D:1      | You fall into a shaft and drop 1 floor!
   464 | D:2      | Found a broken altar of Ashenzari.
  1611 | D:2      | Reached XP level 4. HP: 40/40 MP: 4/4
  2382 | D:3      | HP: 1/40 [orc (5)]
  2389 | D:3      | HP: 1/40 [adder (1)]
  2389 | D:3      | Frozen to death by an endoplasm

Illustrated notes

Levels and vault maps discovered:
D:1:      shiori_shiawase, layout_rooms, shapermc_ecumenical_altar_gd,
          chequers_serial_rivers_small_a, hangedman_feature_mirror
D:2:      layout_basic, basic_altar, kennysheep_generic_room_8
D:3:      layout_loops_corners, tso_oasis_becter, uniq_ijyb, uniq_terence,
          uniq_grinder

Skill      XL: |  1  2  3  4 |
---------------+-------------+-----
Long Blades    | 3 |  3.8
Fighting       | 4 |  4.2
Armour         | 4 |  4.0
Dodging        | |  0.6
Shields        | |  3.9

Action                   |  1- 3 |  4- 6 || total
-------------------------+-------+-------++-------
Melee: Long sword        |   107 |    70 ||   177
  Use: Scroll            |     5 |       ||     5
Armor: Scale mail        |    60 |    41 ||   101
Dodge: Dodged            |    43 |    29 ||    72
Block: Kite shield       |    64 |    32 ||    96
       Rpst.: Long sword |    11 |    10 ||    21

Table legend: (Time is in decaauts)
 A = Elapsed time spent in this place.
 B = Non-inter-level travel time spent in this place.
 C = Inter-level travel time spent in this place.
 D = Time resting spent in this place.
 E = Time spent auto-exploring this place.
 F = Levels seen in this place.
 G = Mean time per level.
                   A        B        C        D        E       F      G
               +--------+--------+--------+--------+--------+-----+--------+
         Total |   2474 |   2474 |      0 |    125 |   1426 |   3 |  824.7 |
       Dungeon |   2474 |   2474 |      0 |    125 |   1426 |   3 |  824.7 |
               +--------+--------+--------+--------+--------+-----+--------+

Top non-repeatable levels by time:
     D:2: 1173 daAuts
     D:1: 958 daAuts
     D:3: 342 daAuts
